 Dungeon Crawl Stone Soup version 0.31-a0-1178-gc5c9b8f871 (webtiles) character file.

Game seed: 12156419167435612902

3955 Maratek the Insei (level 10, -11/71 HPs)
             Began as an Octopode Shapeshifter on Dec 11, 2023.
             Killed by divine providence
             ... invoked by an orc priest
              (13 damage)
             ... on level 8 of the Dungeon.
             The game lasted 00:10:20 (5769 turns).

Maratek the Insei (Octopode Shapeshifter)           Turns: 5769, Time: 00:10:21

Health: -11/71     AC:  1    Str: 14    XL:     10   Next: 21%
Magic:  0/19       EV: 21    Int: 14    God:
Gold:   464        SH:  0    Dex: 14    Spells: 9/9 levels left

rFire   x .          .
                       - Unarmed
rCold   + . .        (no shield)
rNeg    + + .        (helmet currently unavailable)
rPois   .            p - amulet of guardian spirit
rElec   .            i - +5 ring of evasion
rCorr   .            m - +4 ring of slaying
SInv    .            d - ring of magical power
Will    .....        x - ring of ice
Stlth   ++           r - ring of positive energy
HPRegen 0.31/turn    u - ring of positive energy
MPRegen 0.16/turn    (no ring)
                     (no ring)

%: guardian spirit
@: beast-form
A: beast (slay +4), almost no armour, amphibious, 8 rings, camouflage 1,
gelatinous body 1, (nimble swimmer 1), tentacles
a: Begin Untransformation


You were on level 8 of the Dungeon.
You were a hulking beast.
You visited 1 branch of the dungeon, and saw 8 of its levels.

You collected 464 gold pieces.

Inventory:

Jewellery
 d - a ring of magical power (on tentacle)
 i - a +5 ring of evasion (left tentacle)
 m - a +4 ring of slaying (right tentacle)
 p - an amulet of guardian spirit (around mantle)
 r - a ring of positive energy (on tentacle)
 u - a ring of positive energy (on tentacle)
 x - a ring of ice (on tentacle)
Talismans
 b - a beast talisman
 e - a serpent talisman
 q - a flux talisman
Wands
 c - a wand of paralysis (9)
 t - a wand of flame (14)
 v - a wand of roots (6)
Scrolls
 k - 3 scrolls of teleportation
 l - 4 scrolls of fog
 n - 4 scrolls of enchant armour
 w - a scroll of blinking
 y - a scroll of brand weapon {unknown}
Potions
 a - 3 potions of lignification
 f - 2 potions of curing
 g - a potion of invisibility {unknown}
 h - 2 potions of enlightenment {unknown}
 j - 2 potions of mutation {unknown}
 o - 2 potions of degeneration {unknown}
 s - a potion of resistance {unknown}
 z - a potion of magic {unknown}


   Skills:
 * Level 7.3 Fighting
 * Level 7.4 Dodging
 * Level 7.9 Unarmed Combat
 * Level 7.2 Shapeshifting


You had 9 spell levels left.
You didn't know any spells.
Your spell library contained the following spells:

 Spells                   Type           Power      Damage    Failure   Level
 Sublimation of Blood     Necr           0%         N/A       41%         2
 Wereblood                Tmut           0%         N/A       41%         2
 Gell's Gravitas          Tloc           0%         N/A       65%         3
 Teleport Other           Tloc           0%         N/A       65%         3
 Dispersal                Tloc           0%         N/A       100%        6
 Summon Hydra             Summ           0%         N/A       100%        7


Dungeon Overview and Level Annotations

Branches:
Dungeon (8/15)             Temple (0/1) D:5
   Lair: D:8-11

Altars:
Gozag
Ru
Trog
Vehumet
Xom

Shops:
D:5 [

Annotations:
D:2 1 runed translucent door, Crazy Yiuf
D:8 3 runed translucent doors, Graknight's ghost, novice DsNe


Innate Abilities, Weirdness & Mutations

You are a hulking beast.
Your limbs bulge with bestial killing power. (Slay +4)
You cannot wear most types of armour.
You are amphibious.
You can wear up to eight rings at the same time.
Your skin changes colour to match your surroundings (Stealth+).
Your rubbery body absorbs attacks. (AC +1, EV +1)
((You are camouflaged when in or above water. (Stealth+)))
You have tentacles for arms and can constrict up to eight enemies at once.


Message History

* * * LOW HITPOINT WARNING * * *
You release your grip on the orc warrior.
The orc warrior attacks as it pursues you!
The orc warrior hits you with a +0 broad axe!!
* * * LOW HITPOINT WARNING * * *
You tentacle-slap the orc warrior. You grab the orc warrior.
The orc warrior is heavily wounded.
You constrict the orc warrior, but do no damage.
The orc warrior closely misses you.
You tentacle-slap the orc warrior.
The orc warrior is severely wounded.
You constrict the orc warrior.
The orc priest calls upon Beogh to heal the orc warrior.
The orc warrior is healed somewhat.
The orc warrior closely misses you.
You hear a shout!
You tentacle-slap the orc warrior. You squeeze the orc warrior.
The orc warrior is almost dead.
You constrict the orc warrior, but do no damage.
The orc warrior closely misses you.
You bludgeon the orc warrior!
You kill the orc warrior!
The orc priest hits you with a +0 flail!
* * * LOW HITPOINT WARNING * * *
Things that are here:
a +0 broad axe; a +0 chain mail You bludgeon the orc priest!
You grab the orc priest. You tentacle-slap the orc priest.
The orc priest is almost dead.
You constrict the orc priest, but do no damage.
The orc priest calls down the wrath of Beogh upon you.
You struggle to resist.
You completely miss the orc priest.
The orc priest is almost dead.
You constrict the orc priest.
You kill the orc priest!
An orc priest comes into view. It is wielding a +0 club.
An orc warrior comes into view. It is wielding a +0 halberd.
The orc priest mumbles some strange prayers to Beogh against you.
Beogh smites you!
You die...

#######
#h)...#
#)###.##
#..)o.#..##
#.....##..#
#8.#.#.8##.#
##.###o###.#
## ## #.#
##.###
#...>#


You could see an orc warrior and an orc priest.

Vanquished Creatures
  Maurice (D:8)
  Jeremiah (D:8)
  A kobold demonologist (D:8)
  Sigmund (D:5)
  A steam dragon (D:6)
  A water moccasin (D:5)
  A black bear (D:6)
  2 ice beasts
  4 orc warriors (D:8)
  2 ogres
  A phantom (D:7)
  3 kobold brigands (D:8)
  4 bullfrogs
  2 scorpions (D:4)
  5 wights (D:6)
  3 killer bees (D:8)
  2 howler monkeys (D:5)
  A hound (D:6)
  8 orc priests
  A jelly (D:7)
  4 iguanas
  7 orc wizards
  A gnoll (D:5)
  9 adders
  A worm (D:3)
  2 dart slugs
  28 orcs
  5 endoplasms
  4 giant cockroaches
  9 goblins
  9 hobgoblins
  6 jackals
  7 quokkas
  5 ball pythons
  3 bats (D:2)
  6 frilled lizards
  16 kobolds
  4 rats
171 creatures vanquished.

Vanquished Creatures (others)
  An arcanist (D:6)
1 creature vanquished.

Grand Total: 172 creatures vanquished

Notes
Turn   | Place    | Note
-------+----------+-------------------------------------------
     0 | D:1      | Maratek the Octopode Shapeshifter began the quest for the
                  | Orb.
     0 | D:1      | Reached XP level 1. HP: 13/13 MP: 1/1
    36 | D:1      | Reached XP level 2. HP: 2/18 MP: 2/2
   331 | D:1      | Reached XP level 3. HP: 14/23 MP: 3/3
   569 | D:2      | You fall into a shaft and drop 1 floor!
   796 | D:3      | Reached XP level 4. HP: 19/29 MP: 4/4
   964 | D:3      | Found a sacrificial altar of Ru.
  1364 | D:2      | Found a runed translucent door.
  1365 | D:2      | Noticed Crazy Yiuf
  1921 | D:4      | Noticed a scorpion
  1929 | D:4      | Killed a scorpion
  1930 | D:4      | Reached XP level 5. HP: 31/35 MP: 5/5
  1948 | D:4      | Reached XP level 6. HP: 15/41 MP: 6/6
  1948 | D:4      | HP: 2/41 [orc/+0 dagger (5)]
  2346 | D:4      | Noticed an ice beast
  2359 | D:4      | Killed an ice beast
  2408 | D:4      | Reached XP level 7. HP: 35/46 MP: 7/7
  2698 | D:5      | Entered Level 5 of the Dungeon
  2738 | D:5      | Noticed Sigmund
  2745 | D:5      | Killed Sigmund
  2746 | D:5      | Reached skill level 5 in Unarmed Combat
  2798 | D:5      | Found a shimmering altar of Xom.
  2800 | D:5      | Found an opulent altar of Gozag.
  2910 | D:5      | Found Kimom's Armour Shop.
  2916 | D:5      | Reached skill level 5 in Shapeshifting
  2916 | D:5      | Reached XP level 8. HP: 49/54 MP: 8/8
  2976 | D:5      | Found a staircase to the Ecumenical Temple.
  3538 | D:6      | Reached skill level 5 in Dodging
  3607 | D:6      | Reached skill level 5 in Fighting
  4053 | D:6      | Reached XP level 9. HP: 58/61 MP: 9/9
  4178 | D:6      | Found a bloodstained altar of Trog.
  4179 | D:6      | Noticed an arcanist
  4185 | D:6      | Killed an arcanist
  4617 | D:7      | Found a radiant altar of Vehumet.
  5109 | D:8      | Noticed Maurice
  5109 | D:8      | Noticed a kobold demonologist
  5144 | D:8      | Noticed Graknight's ghost (novice DsNe)
  5144 | D:8      | Noticed a cyan ugly thing
  5171 | D:8      | Noticed a sun demon
  5171 | D:8      | Killed a kobold demonologist
  5190 | D:8      | Maurice stole 408 gold
  5192 | D:8      | Paralysed by Maurice for 5 turns
  5193 | D:8      | Maurice stole a flux talisman
  5202 | D:8      | Killed Maurice
  5338 | D:8      | Found a runed translucent gate.
  5338 | D:8      | Found a runed translucent gate.
  5338 | D:8      | Found a runed translucent gate.
  5392 | D:8      | Noticed Jeremiah
  5407 | D:8      | Killed Jeremiah
  5408 | D:8      | Reached XP level 10. HP: 31/69 MP: 8/10
  5766 | D:8      | HP: 1/71 [orc priest/+0 flail (6)]
  5769 | D:8      | Killed from afar by an orc priest

Illustrated notes

Levels and vault maps discovered:
D:1:      evilmike_arrival_hilbert_curve, layout_basic
D:2:      minmay_evil_eye, layout_rooms, uniq_crazy_yiuf_cottage
D:3:      layout_loops_ring, nicolae_ru_awakened_eye
D:4:      layout_rooms, serial_bayou_lake_a
D:5:      layout_loops_ring, chequers_temple_overflow_statue_of_worship,
          temple_hall, kennysheep_small_circle, uniq_sigmund
D:6:      layout_loops_ring, trog_wizard
D:7:      layout_loops_ring, vehumet_crystals
D:8:      layout_rooms, gammafunk_ghost_split, pf_guarded_unrand_meek,
          uniq_jeremiah, uniq_maurice

Skill      XL: |  1  2  3  4  5  6  7  8  9 10 |
---------------+-------------------------------+-----
Fighting       | 2 3 4 5 6 7 |  7.3
Dodging        | 3 4 5 7 |  7.4
Unarmed Combat | 4 5 6 7 |  7.9
Shapeshifting  | 4 5 7 |  7.2

Action                     |  1- 3 |  4- 6 |  7- 9 | 10-12 || total
---------------------------+-------+-------+-------+-------++-------
  Melee: Unarmed           |    70 |    81 |   156 |    36 ||   343
         Constrict         |    20 |    26 |    39 |    11 ||    96
         Tentacles         |    13 |    19 |    50 |    10 ||    92
         Punch             |     1 |     9 |    11 |     4 ||    25
    Use: Scroll            |     2 |     5 |     7 |       ||    14
         Potion            |       |     2 |     1 |       ||     3
   Stab: Sleeping          |     9 |     5 |     7 |       ||    21
 Armour: Skin              |    31 |    35 |    42 |    16 ||   124
  Dodge: Dodged            |    37 |    69 |    97 |    28 ||   231

Table legend: (Time is in decaauts)
 A = Elapsed time spent in this place.
 B = Non-inter-level travel time spent in this place.
 C = Inter-level travel time spent in this place.
 D = Time resting spent in this place.
 E = Time spent auto-exploring this place.
 F = Levels seen in this place.
 G = Mean time per level.
                   A        B        C        D        E       F      G
               +--------+--------+--------+--------+--------+-----+--------+
         Total |   5735 |   5450 |    285 |    199 |   4267 |   8 |  716.9 |
       Dungeon |   5735 |   5450 |    285 |    199 |   4267 |   8 |  716.9 |
               +--------+--------+--------+--------+--------+-----+--------+

Top non-repeatable levels by time:
     D:6: 1077 daAuts
     D:5: 796 daAuts
     D:3: 777 daAuts
     D:4: 774 daAuts
     D:2: 635 daAuts
     D:7: 615 daAuts
     D:8: 558 daAuts
     D:1: 499 daAuts
